[ AOE2 MATCH · #458194094 ]
1v1 RMMagyars vs Dravidians
Player's team · WIN
[ REPLAY ANALYSIS · EXTRACTED FROM THE RECORDED GAME ]
Feudal
12:41
Castle
22:08
Imperial
33:37
| APM avg | 11.2 |
| APM peak | 46 |
| eAPM avg | 10.1 |
| Villagers / military | 124 / 185 |
Focus
⚔️ 39.9% · 🌾 60.1%
Spearman ×105 · Knight ×45 · Scout Cavalry ×18 · Trebuchet (Packed) ×10 · Magyar Huszar ×4 · Monk ×3
Feudal
12:48
Castle
21:43
Imperial
36:24
| APM avg | 19.5 |
| APM peak | 40 |
| eAPM avg | 16.1 |
| Villagers / military | 136 / 175 |
Focus
⚔️ 33.3% · 🌾 66.7%
Scout Cavalry ×64 · Militia ×29 · Archer ×28 · Urumi Swordsman ×24 · Armored Elephant ×13 · Trebuchet (Packed) ×8
Match map
Initial resources + every placement click. Lines = walls · curves = elevation contours. ◆ gold · ⬟ stone · ● berries · ✦ relic · ◌ wall gap
Your base· ✓ Closed at 22:08 · 62t walls · 1 gate(s)
Madgirl5054's base· Open — opponent sealed themselves in
Smoothed initial terrain · ◌ = detected wall gap · hover for details
Inputs per minute
— zero - - Madgirl5054
Build order — zero
First 150 of 497 actions detected
| 0:05 | Build | House |
| 0:08 | Build | House |
| 0:12 | Create | Villager (Male) |
| 0:12 | Create | Villager (Male) |
| 0:12 | Create | Villager (Male) |
| 0:12 | Create | Villager (Male) |
| 0:49 | Build | Lumber Camp |
| 1:52 | Research | Loom |
| 2:07 | Create | Villager (Male) |
| 2:50 | Build | Mill |
| 2:53 | Create | Villager (Male) |
| 3:25 | Create | Villager (Male) |
| 3:53 | Create | Villager (Male) |
| 4:17 | Create | Villager (Male) |
| 4:52 | Build | House |
| 4:59 | Create | Villager (Male) |
| 5:00 | Create | Villager (Male) |
| 5:17 | Create | Villager (Male) |
| 5:19 | Create | Villager (Male) |
| 5:27 | Build | House |
| 6:06 | Build | Mining Camp |
| 6:15 | Create | Villager (Male) |
| 6:38 | Create | Villager (Male) |
| 7:23 | Build | Barracks |
| 7:26 | Create | Villager (Male) |
| 7:31 | Create | Villager (Male) |
| 7:52 | Create | Villager (Male) |
| 8:27 | Build | Mining Camp |
| 9:00 | Create | Villager (Male) |
| 9:49 | Create | Villager (Male) |
| 10:20 | Build | House |
| 10:31 | Research | Feudal Age |
| 11:05 | Build | House |
| 11:57 | Build | Palisade Wall |
| 12:01 | Build | Palisade Wall |
| 12:06 | Build | Palisade Wall |
| 12:11 | Build | Palisade Wall |
| 12:20 | Create | Villager (Male) |
| 12:37 | Create | Villager (Male) |
| 12:41 | Age | Feudal Age |
| 12:47 | Research | Double-Bit Axe |
| 12:52 | Research | Horse Collar |
| 12:55 | Research | Wheelbarrow |
| 13:11 | Build | House |
| 13:21 | Build | House |
| 13:33 | Create | Spearman |
| 13:33 | Create | Spearman |
| 13:47 | Build | Palisade Wall |
| 13:47 | Build | Palisade Wall |
| 14:09 | Build | Palisade Wall |
| 14:21 | Create | Villager (Male) |
| 14:21 | Create | Villager (Male) |
| 14:31 | Build | Lumber Camp |
| 14:36 | Create | Villager (Male) |
| 15:02 | Create | Villager (Male) |
| 15:32 | Build | Market |
| 15:42 | Build | Blacksmith |
| 15:51 | Build | Farm |
| 15:53 | Build | Farm |
| 15:55 | Create | Villager (Male) |
| 16:19 | Build | Farm |
| 16:31 | Build | Farm |
| 16:33 | Create | Villager (Male) |
| 16:58 | Build | Stable |
| 17:04 | Build | Farm |
| 17:14 | Build | House |
| 17:22 | Build | Farm |
| 17:25 | Create | Villager (Male) |
| 17:25 | Create | Villager (Male) |
| 17:44 | Build | Farm |
| 18:01 | Build | Palisade Wall |
| 18:11 | Build | Farm |
| 18:24 | Build | Farm |
| 18:25 | Build | Farm |
| 18:27 | Build | Farm |
| 18:30 | Build | Farm |
| 18:45 | Build | Farm |
| 18:46 | Build | Farm |
| 18:47 | Build | Farm |
| 18:49 | Build | Farm |
| 19:05 | Build | Palisade Gate |
| 19:28 | Research | Castle Age |
| 19:41 | Build | Lumber Camp |
| 20:15 | Create | Scout Cavalry |
| 20:24 | Research | Scale Mail Armor |
| 21:08 | Research | Man-at-Arms (upgrade) |
| 21:20 | Create | Villager (Male) |
| 21:20 | Create | Villager (Male) |
| 22:08 | Age | Castle Age |
| 22:13 | Build | Town Center |
| 22:20 | Research | Hand Cart |
| 22:33 | Research | Heavy Plow |
| 22:36 | Research | Bow Saw |
| 22:44 | Research | Pikeman (upgrade) |
| 23:07 | Create | Villager (Male) |
| 23:19 | Create | Villager (Male) |
| 23:34 | Create | Villager (Male) |
| 23:35 | Create | Villager (Male) |
| 23:35 | Create | Villager (Male) |
| 23:48 | Research | Scale Barding Armor |
| 24:14 | Build | House |
| 24:15 | Build | House |
| 24:17 | Build | House |
| 24:18 | Build | House |
| 24:20 | Build | House |
| 24:25 | Create | Villager (Male) |
| 24:33 | Research | Stone Mining |
| 24:40 | Build | Farm |
| 24:46 | Create | Villager (Male) |
| 24:46 | Create | Villager (Male) |
| 24:46 | Create | Villager (Male) |
| 25:03 | Build | Farm |
| 25:04 | Create | Villager (Male) |
| 25:05 | Create | Villager (Male) |
| 25:19 | Build | Monastery |
| 25:29 | Build | University |
| 25:40 | Build | Farm |
| 25:42 | Create | Villager (Male) |
| 25:47 | Create | Villager (Male) |
| 25:48 | Create | Villager (Male) |
| 25:51 | Research | Chain Mail Armor |
| 26:24 | Build | Watch Tower |
| 27:30 | Build | Farm |
| 27:34 | Build | Farm |
| 27:36 | Create | Villager (Male) |
| 27:36 | Create | Villager (Male) |
| 27:40 | Create | Villager (Male) |
| 28:09 | Build | Farm |
| 28:35 | Create | Knight |
| 28:36 | Create | Knight |
| 29:00 | Build | Castle |
| 29:06 | Build | Farm |
| 29:08 | Create | Villager (Male) |
| 29:09 | Create | Villager (Male) |
| 29:11 | Create | Villager (Male) |
| 29:11 | Create | Villager (Male) |
| 29:17 | Create | Spearman |
| 29:17 | Create | Spearman |
| 29:17 | Create | Spearman |
| 29:18 | Create | Spearman |
| 29:18 | Create | Spearman |
| 29:52 | Research | Husbandry |
| 29:59 | Build | Farm |
| 30:02 | Create | Villager (Male) |
| 30:04 | Research | Imperial Age |
| 30:07 | Create | Villager (Male) |
| 30:07 | Create | Villager (Male) |
| 30:07 | Create | Villager (Male) |
| 30:26 | Research | Treadmill Crane |
| 30:27 | Research | Masonry |
Build order — Madgirl5054
First 150 of 516 actions detected
| 0:04 | Build | House |
| 0:08 | Create | Villager (Male) |
| 0:08 | Create | Villager (Male) |
| 0:08 | Create | Villager (Male) |
| 0:09 | Create | Villager (Male) |
| 0:24 | Build | House |
| 0:54 | Build | House |
| 0:59 | Research | Loom |
| 1:35 | Create | Villager (Male) |
| 2:03 | Create | Villager (Male) |
| 2:10 | Build | Lumber Camp |
| 2:47 | Create | Villager (Male) |
| 3:15 | Create | Villager (Male) |
| 3:36 | Create | Villager (Male) |
| 3:39 | Build | House |
| 4:08 | Create | Villager (Male) |
| 4:38 | Create | Villager (Male) |
| 4:39 | Create | Villager (Male) |
| 4:52 | Build | Mill |
| 5:08 | Create | Villager (Male) |
| 5:46 | Create | Villager (Male) |
| 6:04 | Create | Villager (Male) |
| 6:04 | Create | Villager (Male) |
| 6:56 | Build | Farm |
| 7:03 | Create | Villager (Male) |
| 7:03 | Create | Villager (Male) |
| 7:04 | Create | Villager (Male) |
| 7:04 | Create | Villager (Male) |
| 7:20 | Build | Barracks |
| 8:11 | Create | Villager (Male) |
| 8:11 | Create | Villager (Male) |
| 8:40 | Create | Militia |
| 8:41 | Create | Militia |
| 8:51 | Build | Mining Camp |
| 8:58 | Build | House |
| 9:23 | Build | House |
| 9:25 | Build | House |
| 9:31 | Create | Villager (Male) |
| 9:32 | Create | Villager (Male) |
| 9:33 | Create | Villager (Male) |
| 9:47 | Build | Farm |
| 10:04 | Build | House |
| 10:07 | Build | House |
| 10:09 | Research | Feudal Age |
| 10:34 | Build | Lumber Camp |
| 11:20 | Build | Mill |
| 11:32 | Build | House |
| 11:34 | Build | House |
| 11:36 | Build | House |
| 11:37 | Build | House |
| 12:48 | Age | Feudal Age |
| 12:49 | Research | Wheelbarrow |
| 12:52 | Research | Double-Bit Axe |
| 13:01 | Build | Market |
| 13:04 | Research | Gold Mining |
| 13:07 | Research | Horse Collar |
| 13:12 | Research | Man-at-Arms (upgrade) |
| 13:59 | Build | Stable |
| 14:56 | Create | Villager (Male) |
| 14:56 | Create | Villager (Male) |
| 14:57 | Create | Villager (Male) |
| 14:57 | Create | Villager (Male) |
| 14:59 | Create | Villager (Male) |
| 15:09 | Build | Farm |
| 15:12 | Create | Scout Cavalry |
| 15:12 | Create | Scout Cavalry |
| 15:31 | Build | Stable |
| 15:39 | Create | Villager (Male) |
| 15:39 | Create | Villager (Male) |
| 15:39 | Create | Villager (Male) |
| 16:01 | Create | Militia |
| 16:10 | Build | Farm |
| 16:12 | Build | Farm |
| 16:14 | Build | Farm |
| 16:17 | Build | Farm |
| 16:22 | Build | Farm |
| 16:34 | Create | Scout Cavalry |
| 16:35 | Create | Scout Cavalry |
| 16:45 | Create | Scout Cavalry |
| 16:55 | Create | Scout Cavalry |
| 17:05 | Build | Blacksmith |
| 17:49 | Build | Mining Camp |
| 18:06 | Build | Stable |
| 18:14 | Create | Scout Cavalry |
| 18:59 | Build | Archery Range |
| 19:03 | Research | Castle Age |
| 19:07 | Create | Militia |
| 19:31 | Research | Scale Mail Armor |
| 19:54 | Research | Scale Barding Armor |
| 20:05 | Build | Mining Camp |
| 20:10 | Create | Scout Cavalry |
| 20:21 | Create | Archer |
| 20:23 | Create | Archer |
| 20:32 | Build | Lumber Camp |
| 20:42 | Research | Stone Mining |
| 20:54 | Create | Archer |
| 21:07 | Build | Archery Range |
| 21:18 | Create | Scout Cavalry |
| 21:43 | Age | Castle Age |
| 21:46 | Build | Farm |
| 21:48 | Build | Farm |
| 21:51 | Research | Hand Cart |
| 22:06 | Research | Heavy Plow |
| 22:29 | Build | Farm |
| 22:35 | Create | Villager (Male) |
| 23:14 | Research | Bow Saw |
| 23:20 | Build | Town Center |
| 23:35 | Research | Light Cavalry (upgrade) |
| 23:53 | Create | Skirmisher |
| 23:54 | Create | Skirmisher |
| 24:01 | Create | Villager (Male) |
| 24:02 | Create | Villager (Male) |
| 24:32 | Build | Town Center |
| 24:37 | Create | Archer |
| 24:37 | Create | Archer |
| 24:48 | Create | Villager (Male) |
| 24:49 | Create | Villager (Male) |
| 24:51 | Create | Villager (Male) |
| 24:51 | Create | Villager (Male) |
| 25:06 | Create | Scout Cavalry |
| 25:28 | Create | Villager (Male) |
| 25:31 | Create | Villager (Male) |
| 25:52 | Create | Villager (Male) |
| 26:00 | Build | Town Center |
| 26:17 | Create | Archer |
| 26:18 | Create | Archer |
| 26:19 | Research | Elite Skirmisher (upgrade) |
| 26:24 | Build | House |
| 26:26 | Build | House |
| 26:30 | Create | Villager (Male) |
| 26:30 | Create | Villager (Male) |
| 26:40 | Build | Lumber Camp |
| 26:51 | Build | Farm |
| 27:01 | Create | Scout Cavalry |
| 27:01 | Create | Scout Cavalry |
| 27:11 | Create | Villager (Male) |
| 27:11 | Create | Villager (Male) |
| 27:24 | Create | Archer |
| 27:24 | Create | Archer |
| 27:33 | Create | Villager (Male) |
| 27:39 | Create | Villager (Male) |
| 27:47 | Build | Farm |
| 27:49 | Build | Farm |
| 27:52 | Build | Farm |
| 27:54 | Build | Farm |
| 28:01 | Create | Villager (Male) |
| 28:01 | Create | Villager (Male) |
| 28:02 | Create | Villager (Male) |
| 28:08 | Build | Lumber Camp |
| 28:11 | Create | Villager (Male) |
Match timeline
| 7:20 | Madgirl5054 · first_building Barracks |
| 7:23 | zero · first_building Barracks |
| 11:57 | zero · wall_segment Palisade Wall x1 |
| 12:01 | zero · wall_segment Palisade Wall x6 |
| 12:06 | zero · wall_segment Palisade Wall x12 |
| 12:11 | zero · wall_segment Palisade Wall x13 |
| 12:41 | zero · age_up feudal |
| 12:48 | Madgirl5054 · age_up feudal |
| 13:47 | zero · wall_segment Palisade Wall x1 |
| 13:47 | zero · wall_segment Palisade Wall x1 |
| 13:59 | Madgirl5054 · first_building Stable |
| 14:09 | zero · wall_segment Palisade Wall x15 |
| 15:44 | Madgirl5054 · first_market_buy 100 food |
| 15:45 | Madgirl5054 · first_market_sell 100 stone |
| 16:58 | zero · first_building Stable |
| 18:01 | zero · wall_segment Palisade Wall x15 |
| 18:59 | Madgirl5054 · first_building Archery Range |
| 19:23 | zero · first_market_buy 100 food |
| 21:43 | Madgirl5054 · age_up castle |
| 22:08 | zero · age_up castle |
| 25:19 | zero · first_building Monastery |
| 29:00 | zero · first_building Castle |
| 29:20 | Madgirl5054 · wall_segment Stone Wall x7 |
| 29:53 | Madgirl5054 · first_building Castle |
| 30:39 | Madgirl5054 · wall_segment Stone Wall x1 |
| 31:00 | Madgirl5054 · wall_segment Stone Wall x28 |
| 31:14 | Madgirl5054 · first_building Monastery |
| 32:01 | Madgirl5054 · wall_segment Stone Wall x33 |
| 32:50 | Madgirl5054 · first_building Siege Workshop |
| 33:37 | zero · age_up imperial |
| 34:14 | Madgirl5054 · wall_segment Stone Wall x19 |
| 35:42 | Madgirl5054 · wall_segment Stone Wall x8 |
| 36:24 | Madgirl5054 · age_up imperial |
| 44:26 | Madgirl5054 · wall_segment Stone Wall x11 |
| 69:30 | Madgirl5054 · resign |
[ AI ANALYSIS · 1 CREDIT ]
What really happened in this match?
Wolo.gg analyzes every decision: build order, eco, micro, common mistakes by bracket. Personalized analysis on WhatsApp or Discord in 30 seconds.
Civ guide
Magyars
Map guide
Arabia
Perfil
Jugador #6364236